 Dungeon Crawl Stone Soup version 0.26.0-45-g9c1d065592 (webtiles) character file.

Game seed: 14744145246677854202

4151 growler the Zephyrmancer (level 10, -10/61 HPs)
             Began as a Tengu Air Elementalist on Jan 30, 2021.
             Was a Believer of Vehumet.
             Mangled by a small abomination (13 damage)
             ... on level 2 of the Abyss.
             The game lasted 00:32:55 (10444 turns).

growler the Zephyrmancer (Tengu Air Elementalist)  Turns: 10444, Time: 00:32:56

Health: -10/61     AC: 10    Str:  8    XL:     10   Next: 27%
Magic:  10/18      EV: 16    Int: 26    God:    Vehumet [**....]
Gold:   353        SH:  0    Dex: 14    Spells: 4/19 levels left

rFire    . . .     SeeInvis .   y - +0 morningstar
rCold    + + +     Faith    .   (no shield)
rNeg     . . .     Spirit   .   E - +2 leather armour "Yczedaph" {rElec rC+++ Will-}
rPois    .         Reflect  .   (helmet restricted)
rElec    +         Harm     .   m - +0 cloak
rCorr    .         Rampage  .   p - -1 pair of gloves
Will     .....                  (boots unavailable)
Stlth    ++........             (no amulet)
HPRegen  0.20/turn              b - +6 ring of intelligence
MPRegen  0.16/turn              H - +4 ring of protection

@: about to teleport
A: beak, talons 3, able to fly
a: Fly, Renounce Religion


You were on level 2 of the Abyss.
You worshipped Vehumet.
Vehumet was pleased with you.
You visited 2 branches of the dungeon, and saw 10 of its levels.
You visited the Abyss 1 time.

You collected 353 gold pieces.

Inventory:

Hand Weapons
 y - a +0 morningstar (weapon)
   (You took it off Terence on level 2 of the Dungeon)
Missiles
 w - 2 throwing nets {!f}
Armour
 a - a +0 robe
 m - a +0 cloak (worn)
   (You found it on level 2 of the Dungeon)
 p - a -1 pair of gloves (worn)
   (You found it on level 2 of the Dungeon)
 E - the +2 leather armour "Yczedaph" (worn) {rElec rC+++ Will-}
   (You found it on level 6 of the Dungeon)

   It renders you almost immune to cold.
   It insulates you from electricity.
   It affects your willpower, your defense against some magical effects.
Jewellery
 b - a +6 ring of intelligence (left hand)
   (You found it on level 1 of the Dungeon)
 e - an uncursed ring of wizardry
   (You found it on level 4 of the Dungeon)
 s - an uncursed ring of willpower
   (You found it on level 2 of the Dungeon)
 z - an uncursed ring of see invisible
   (You found it on level 1 of the Dungeon)
 F - an uncursed ring of ice
   (You found it on level 6 of the Dungeon)
 H - a +4 ring of protection (right hand)
   (You found it on level 11 of the Dungeon)
Wands
 t - a wand of flame (15)
   (You found it on level 3 of the Dungeon)
 v - a wand of digging (3)
   (You found it on level 5 of the Dungeon)
Scrolls
 d - 4 scrolls of remove curse {@r2}
 g - 5 scrolls of identify {@r1}
 i - 2 scrolls of fear {unknown}
 j - a scroll of teleportation {@r4}
 k - 2 scrolls of noise {unknown}
 l - a scroll of amnesia {unknown}
 n - a scroll of blinking
 o - a scroll of fog {unknown}
 r - 2 scrolls of magic mapping {unknown}
Potions
 c - 3 potions of curing {@q1}
 f - 3 potions of magic
 h - 2 potions of might
 q - 2 potions of haste {@q3}
 u - a potion of flight
 x - a potion of invisibility {unknown}
 A - a potion of mutation {unknown}
 B - a potion of lignification {unknown}
 C - a potion of resistance {unknown}
 D - a potion of degeneration {unknown}
 G - a potion of berserk rage {unknown}


   Skills:
 + Level 6.3 Fighting
 + Level 7.5 Dodging
 - Level 2.0 Stealth
 - Level 5.0 Spellcasting
 - Level 7.0 Conjurations
 + Level 11.7 Air Magic


You had 4 spell levels left.
You knew the following spells:

 Your Spells              Type           Power        Failure   Level
a - Shock                 Conj/Air       100%         1%          1
b - Airstrike             Air            30%          1%          4
c - Lightning Bolt        Conj/Air       26%          7%          5
d - Static Discharge      Conj/Air       53%          1%          3
s - Swiftness             Air            61%          1%          2

Your spell library contained the following spells:

 Spells                   Type           Power        Failure   Level
 Foxfire                  Conj/Fire      96%          2%          1
 Stone Arrow              Conj/Erth      48%          8%          3
 Sandblast                Erth           12%          11%         1
 Passwall                 Tmut/Erth      5%           17%         2
 Petrify                  Tmut/Erth      6%           73%         4
 Lee's Rapid Deconstruct  Erth           3%           97%         5


Dungeon Overview and Level Annotations

Branches:
Dungeon (11/15)            Temple (1/1) D:4
   Lair: D:8-11         Orc: D:9-12

Altars:
Dithmenos
Elyvilon
Hepliaklqana
Nemelex Xobeh
Sif Muna
Uskayaw
Vehumet
Xom
Zin

Shops:
D:7 *

Annotations:
D:7 2 runed translucent doors
D:11 Harold


Innate Abilities, Weirdness & Mutations

You have a beak for a mouth.
You have claws for feet.
You can fly continuously.


Message History

Unknown command.
Aim: a glowing orange brain (inspiring fear)
The air twists around and violently strikes the glowing orange brain!!
Aim: a glowing orange brain (moderately wounded, inspiring fear)
The air twists around and violently strikes the glowing orange brain!
The glowing orange brain pulsates.
You feel dopey. Something feeds on your intellect!
Aim: a glowing orange brain (severely wounded, inspiring fear)
The air twists around and violently strikes the glowing orange brain!!
You kill the glowing orange brain!
Vehumet accepts your kill.
You feel your intelligence returning.
You start resting.
You feel your health improve.
You are suddenly pulled into a different region of the Abyss!
Found a scroll of teleportation.
Found a gateway leading deeper into the Abyss.
j - 2 scrolls of teleportation {@r4} (gained 1)
Found 2 silvery potions.
You see here 2 silvery potions.
The smoke demon gestures at you. Something smites you!
* * * LOW HITPOINT WARNING * * *
The smoke demon gestures at you. Something smites you!
* * * LOW HITPOINT WARNING * * *
The smoke demon gestures at you. Something smites you!
* * * LOW HITPOINT WARNING * * *
A small abomination comes into view.
A profane servitor comes into view. It is wielding a +3 whip of freezing.
It was a potion of curing.
You feel better.
Blink to where?
As you read the scroll of blinking, it crumbles to dust.
A smoke demon comes into view.
As you read the scroll of teleportation {@r4}, it crumbles to dust.
You feel strangely unstable.
You feel the power of the Abyss delaying your translocation!
Okay, then.
It was a potion of magic.
Magic courses through your body.
The small abomination closely misses you.
Aim: a small abomination The air twists around and strikes the small abomination!
The small abomination hits you!
* * * LOW HITPOINT WARNING * * *
Aim: a smoke demon The air twists around and violently strikes the smoke demon!!
The small abomination hits you!
You die...

#. ##. .# #. # .#
#. #.###..## .##
##.#.. #..... #...
.. . #. #
.##.#.##.# ###
#.x.3 .#####
##x###.#..#. .#..#
#@#..#....## . .
#...3..##..#.#####
##....###.###3
###### #. . #. #.
#.. . ...#3# .# #
.. . .. #. #..#
#..


You could see a smoke demon and a small abomination.

Vanquished Creatures
  An unseen horror (D:11)
  A glowing orange brain (Abyss:2)
  2 wyverns (D:11)
  An ice beast (D:7)
  A water moccasin (D:5)
  A sky beast (D:5)
  An eye of draining (D:11)
  An orc warrior (D:6)
  2 phantoms
  A wolf (D:11)
  3 centaurs
  4 bullfrogs
  4 scorpions
  An oklob sapling (D:4)
  6 killer bees (D:7)
  3 wights (D:5)
  A howler monkey (D:5)
  3 jellies
  An orc priest (D:6)
  3 centaur skeletons
  2 orc wizards
  A bullfrog skeleton (D:7)
  4 hounds
  Terence (D:2)
  7 worker ants
  3 worker ant zombies
  12 adders
  4 gnolls
  A river rat (D:6)
  A white imp (D:8)
  An ufetubus (D:6)
  An ooze (D:3)
  2 adder skeletons
  4 worms
  2 dart slugs
  4 leopard geckos
  11 orcs
  4 ball pythons
  6 giant cockroaches
  7 hobgoblins
  14 jackals
  2 quokkas
  5 bats
  2 frilled lizards
  12 goblins
  8 kobolds
  2 leopard gecko skeletons
  A quokka zombie (D:4)
  10 rats
175 creatures vanquished.

Vanquished Creatures (others)
  26 plants
26 creatures vanquished.

Grand Total: 201 creatures vanquished

Notes
Turn   | Place    | Note
-------+----------+-------------------------------------------
     0 | D:1      | growler the Tengu Air Elementalist began the quest for the
                  | Orb.
     0 | D:1      | Reached XP level 1. HP: 10/10 MP: 4/4
   173 | D:1      | Reached XP level 2. HP: 15/15 MP: 4/6
   336 | D:1      | Learned a level 2 spell: Swiftness
   647 | D:1      | Reached XP level 3. HP: 19/19 MP: 5/7
   651 | D:1      | Learned a level 3 spell: Static Discharge
  2097 | D:2      | Reached XP level 4. HP: 20/24 MP: 0/9
  2225 | D:2      | Noticed Terence
  2232 | D:2      | Killed Terence
  2233 | D:2      | Reached skill level 5 in Air Magic
  2518 | D:3      | Gained mutation: You can fly continuously. [Tengu growth]
  2518 | D:3      | Reached XP level 5. HP: 24/28 MP: 1/10
  3393 | D:3      | Found a shadowy altar of Dithmenos.
  3683 | D:2      | Learned a level 4 spell: Airstrike
  3835 | D:3      | Reached XP level 6. HP: 22/32 MP: 5/12
  4242 | D:4      | Reached skill level 6 in Air Magic
  4370 | D:4      | Found a white marble altar of Elyvilon.
  4563 | D:4      | Reached skill level 5 in Conjurations
  4972 | D:4      | Found a staircase to the Ecumenical Temple.
  5044 | D:4      | Reached XP level 7. HP: 36/36 MP: 1/14
  5054 | Temple   | Entered the Ecumenical Temple
  5145 | Temple   | Became a worshipper of Vehumet
  5171 | D:4      | Found a shimmering altar of Xom.
  5370 | D:5      | Entered Level 5 of the Dungeon
  5450 | D:5      | Reached skill level 7 in Air Magic
  5753 | D:5      | Reached skill level 5 in Spellcasting
  5753 | D:5      | Reached XP level 8. HP: 41/41 MP: 4/16
  5999 | D:5      | Learned a level 5 spell: Lightning Bolt
  6210 | D:5      | Reached skill level 8 in Air Magic
  6813 | D:5      | Found a sparkling altar of Nemelex Xobeh.
  6941 | D:6      | Reached skill level 1 in Fighting
  7057 | D:6      | Reached * piety under Vehumet
  7057 | D:6      | Offered knowledge of Freeze by Vehumet.
  7365 | D:6      | Got a steaming leather armour
  7376 | D:6      | Identified the +2 leather armour "Yczedaph" {rElec rC+++
                  | Will-} (You found it on level 6 of the Dungeon)
  7473 | D:6      | Reached skill level 9 in Air Magic
  8333 | D:7      | Reached XP level 9. HP: 26/51 MP: 7/17
  8753 | D:7      | Reached skill level 10 in Air Magic
  8855 | D:7      | Reached skill level 5 in Dodging
  8903 | D:7      | Found Kasaes's General Store.
  9161 | D:7      | Reached ** piety under Vehumet
  9188 | D:7      | Offered knowledge of Foxfire by Vehumet.
  9581 | D:7      | Found a runed translucent door.
  9582 | D:7      | Found a runed translucent door.
  9950 | D:8      | You fall into a shaft and drop 3 floors!
  9985 | D:11     | Noticed Harold
 10001 | D:11     | Reached skill level 5 in Fighting
 10074 | D:11     | Noticed an unseen horror
 10079 | D:11     | Reached skill level 11 in Air Magic
 10080 | D:11     | Killed an unseen horror
 10081 | D:11     | Reached XP level 10. HP: 34/60 MP: 5/18
 10237 | D:11     | Cast into level 2 of the Abyss (Harold)
 10252 | Abyss:2  | Noticed a worldbinder
 10258 | Abyss:2  | Noticed a black mamba
 10266 | Abyss:2  | Noticed a black mamba
 10273 | Abyss:2  | Noticed a black mamba
 10273 | Abyss:2  | Noticed a black mamba
 10280 | Abyss:2  | Found a corrupted altar of Lugonu.
 10329 | Abyss:2  | Noticed a glowing orange brain
 10345 | Abyss:2  | Killed a glowing orange brain
 10393 | Abyss:2  | Noticed a smoke demon
 10416 | Abyss:2  | HP: 1/61 [smoke demon/divine providence (13)]
 10424 | Abyss:2  | Noticed a profane servitor
 10430 | Abyss:2  | Noticed a smoke demon
 10443 | Abyss:2  | HP: 3/61 [small abomination (9)]
 10444 | Abyss:2  | Mangled by a small abomination

Illustrated notes

Levels and vault maps discovered:
D:1:      heliophobic_arrival_glass_houses, layout_loops_ring
D:2:      layout_basic, chequers_serial_rivers_marsh, uniq_terence
D:3:      layout_basic, nicolae_overflow_crystal_walls, minmay_misc_feat_plants
D:4:      layout_basic, lemuel_doored_altar, elyvilon_altar_1,
          minmay_temple_entry_oklob
D:5:      layout_basic, nemelex_altar_shiori
D:6:      layout_gridville, portal_sewer_entry_e
D:7:      lemuel_insect_pit, layout_cave_pools, serial_shops, shop
D:8:      layout_rooms, grunt_temple_overflow_diamond,
          minmay_misc_feat_more_columns
D:11:     layout_basic, minmay_lair_entry_grove, basic_altar,
          gammafunk_ghost_stat_death, kennysheep_generic_room_12, uniq_harold
Temple:   compressed_dpeg_circular_temple
Abyss:2:  base: D:5, gammafunk_corrupted_shrine, evilmike_abyss_exit_3

Skill      XL: |  1  2  3  4  5  6  7  8  9 10 |
---------------+-------------------------------+-----
Conjurations   | 2 3 4 5 6 7 |  7.0
Spellcasting   | 3 4 5 |  5.0
Air Magic      | 5 6 7 9 11 | 11.7
Fighting       | 3 5 6 |  6.3
Dodging        | 4 7 |  7.5
Stealth        | |  2.0

Action                   |  1- 3 |  4- 6 |  7- 9 | 10-12 || total
-------------------------+-------+-------+-------+-------++-------
Melee: Morningstar       |       |    37 |    39 |       ||    76
       Peck              |       |     7 |     8 |       ||    15
       Kick              |       |     5 |    11 |       ||    16
 Cast: Shock             |    80 |    38 |    17 |       ||   135
       Static Discharge  |     2 |    21 |    14 |       ||    37
       Swiftness         |       |     1 |     1 |       ||     2
       Airstrike         |       |    12 |    76 |    10 ||    98
Evoke: Wand              |       |       |       |     1 ||     1
  Use: Scroll            |       |     8 |       |     4 ||    12
       Potion            |       |       |       |     2 ||     2
 Stab: Sleeping          |       |     2 |       |       ||     2
Armor: Robe              |     1 |     9 |     5 |       ||    15
       Leather armour    |       |       |    17 |     3 ||    20
Dodge: Dodged            |     8 |    44 |    60 |    11 ||   123
